 Dungeon Crawl Stone Soup version 0.20-a0-535-gc09f9e6 (webtiles) character file.

157733 Lahna the Fighter (level 17, -36/112 HPs)
             Began as a Gargoyle Fighter on Jan 26, 2017.
             Was the Champion of Elyvilon.
             Killed by Shatter
             ... invoked by Jorgrun
              (76 damage)
             ... on level 4 of the Swamp on Jan 27, 2017.
             The game lasted 02:49:44 (34156 turns).

Lahna the Fighter (Gargoyle Fighter)               Turns: 34156, Time: 02:49:45

Health: -36/112    AC: 40    Str: 29    XL:     17   Next: 70%
Magic:  0/27       EV:  8    Int:  9    God:    Elyvilon [******]
Gold:   2187       SH: 32    Dex: 12    Spells: 16/16 levels left

rFire    + . .     SeeInvis .   v - +9 morningstar (crush)
rCold    . . .     Gourm    .   h - +1 plate armour {rC+}
rNeg     + + .     Faith    .   q - +18 shield of the Gong {rElec rN+ MR+ EV-5}
rPois    ∞         Spirit   +   T - +2 helmet "Tophiuka" {MR+}
rElec    +         Reflect  .   n - +2 cloak
rCorr    .         Harm     .   j - +0 pair of gloves
MR       +++..                  N - +0 pair of boots
Stlth    ..........             m - amulet of guardian spirit
Regen    0.3/turn               k - ring of fire
                                P - +5 ring of strength

@: no status effects
A: big wings, negative energy resistance 1, electricity resistance, unbreathing,
petrification resistance, rot immunity, AC +12
a: Fly, Lesser Healing, Heal Other, Purification, Greater Healing, Divine
Vigour, Divine Protection, Renounce Religion


You were on level 4 of the Swamp.
You worshipped Elyvilon.
Elyvilon was exalted by your worship.
You were hungry.

You visited 6 branches of the dungeon, and saw 29 of its levels.

You collected 2867 gold pieces.
You spent 680 gold pieces at shops.

Inventory:

Hand Weapons
 v - a +9 morningstar of crushing (weapon)
Armour
 h - a +1 plate armour of cold resistance (worn)
 j - a +0 pair of gloves (worn)
 n - a +2 cloak (worn)
 q - the +18 shield of the Gong (worn) {rElec rN+ MR+ EV-5}
   (You found it on level 6 of the Lair of Beasts)

   It affects your evasion (-5).
   It insulates you from electricity.
   It protects you from negative energy.
   It affects your resistance to hostile enchantments.
 N - a +0 pair of boots (worn)
 T - the +2 helmet "Tophiuka" (worn) {MR+}
   (You acquired it on level 1 of the Swamp)

   It affects your resistance to hostile enchantments.
Jewellery
 d - an uncursed ring of see invisible
 i - an uncursed ring of ice
 k - a ring of fire (right hand)
 m - an amulet of guardian spirit (around neck)
 E - an uncursed amulet of regeneration
 P - a +5 ring of strength (left hand)
Wands
 b - a wand of confusion (17/48)
 c - a wand of digging (9/24)
 t - a wand of flame (5/48)
 F - a wand of enslavement (13/24)
 J - a wand of lightning (9/15)
 W - a wand of iceblast (12/15)
Scrolls
 a - 4 scrolls of recharging
 u - 6 scrolls of remove curse
 w - 2 scrolls of blinking
 x - 6 scrolls of teleportation
 y - 3 scrolls of immolation
 A - a scroll of fear
 D - a scroll of magic mapping
 H - a scroll of noise {unknown}
 I - a scroll of brand weapon
 Q - a scroll of fog {unknown}
 S - a scroll of enchant armour
 U - a scroll of vulnerability {unknown}
 X - a scroll of summoning
 Y - 2 scrolls of enchant weapon
Potions
 e - 8 potions of curing
 l - 3 potions of cancellation
 r - 2 potions of haste
 s - a potion of cure mutation
 B - 2 potions of heal wounds
 C - 3 potions of invisibility
 G - a potion of ambrosia
 K - a potion of resistance
 L - a potion of agility
 M - 2 potions of magic
 V - 2 potions of might
 Z - 2 potions of flight
Miscellaneous
 O - a lightning rod (4/4)
Comestibles
 f - 13 bread rations
 g - 2 royal jellies
 o - 19 fruits
 p - 12 meat rations
 z - 3 chunks of flesh


   Skills:
 + Level 14.5 Fighting
 + Level 13.4 Maces & Flails
 + Level 14.3 Armour
 + Level 10.9 Dodging
 + Level 14.0 Shields
 + Level 13.5 Invocations


You had 16 spell levels left.
You didn't know any spells.

Dungeon Overview and Level Annotations

Branches:
Dungeon (15/15)            Temple (1/1) D:5            Lair (6/6) D:11
  Swamp (4/4) Lair:2       Spider (0/4) Lair:2        Slime (0/5) Lair:6
    Orc (2/2) D:11            Elf (0/3) Orc:2        Vaults (0/5) D:14
 Depths (1/5) D:15

Altars:
Ashenzari
Cheibriados
Dithmenos
Elyvilon
Fedhas
Gozag
Hepliaklqana
Kikubaaqudgha
Makhleb
Nemelex Xobeh
Okawaru
Qazlal
Ru
Sif Muna
Trog
Uskayaw
Vehumet
Xom
Yredelemnul
Zin
The Shining One

Shops:
D:6 *   D:8 (   D:10 :   D:12 *   D:14 }   Orc:1 (   Orc:2 (:[*

Portals:
Hell: Depths:1

Annotations:
Lair:4 exclusion: oklob plant
Lair:6 exclusion: 2 oklob plants
Swamp:4 Jorgrun


Innate Abilities, Weirdness & Mutations

You are resistant to torment.
Your stone body is resilient. (AC +12)
You are immune to poison.
Your large and strong wings let you fly indefinitely.
You resist negative energy. (rN+)
You are resistant to electric shocks. (rElec)
You can survive without breathing.
You are immune to petrification.
You are immune to rotting.


Message History

You block the purple very ugly thing's attack.
GONNNNG!
You impale the purple very ugly thing!!
The purple very ugly thing is severely wounded.
You are engulfed in spectral mist.
You block the purple very ugly thing's attack.
GONNNNG!
You sock the purple very ugly thing!
The purple very ugly thing is almost dead.
You are engulfed in spectral mist.
You bludgeon the purple very ugly thing!!
You kill the purple very ugly thing!
You are engulfed in spectral mist.
You see here a very ugly thing corpse.
Jorgrun says, "Yer just na down-ta-earth enough."
Jorgrun mumbles some strange words.
The dungeon rumbles around Jorgrun!
You shudder from the earth-shattering force.
Ouch! That really hurt!
You die...

░≈≈,,≈≈≈♣░░ ░░░≈,░
░,,≈≈≈≈≈♣♣ ░░░░░░░░
░≈,≈≈≈§.≈♣░░░░,≈≈░░░
░░≈≈≈..≈≈♣≈♣░,,,,,,░
░░,≈≈≈≈.♣≈.,,≈≈,≈≈░░
♣♣♣(≈≈..≈≈,≈≈≈≈≈,░░
♣♣...≈≈≈≈≈≈≈,,,,,░░░
♣♣.†.≈≈≈≈≈≈≈≈≈≈≈,,░ ░
♣§.@§≈≈≈≈≈≈≈≈≈≈≈≈░░
░░♣♣.<.≈≈≈≈≈≈§≈,≈≈≈≈░░░
░♣≈..≈††§≈≈.≈≈≈,,,≈≈,░░≈
♣.≈..≈≈≈.≈≈...≈,░≈≈≈,░,,
░♣≈≈≈..≈≈≈..≈..≈≈░,≈,░≈,,
♣≈≈≈≈≈≈≈≈≈≈.....,░,≈,░,,≈
♣≈≈≈≈≈≈≈≈≈≈≈.≈..,,,≈,,,,≈
♣♣≈≈≈≈≈≈g≈≈≈...≈,≈,≈,,≈≈≈
░░░♣.≈≈≈≈≈≈≈...≈≈≈,░≈≈≈≈≈,,


You could see Jorgrun.

Vanquished Creatures
  Gastronok (Lair:2)
  3 thorn hunters
  The ghost of Mulkerokala the Unseen, an adept OpAM of Okawaru (D:15)
  A fire giant (D:15)
  An orc warlord (Orc:1)
  A stone giant (D:15)
  2 very ugly things
  The ghost of MirrMurr the Spear-Bearer, a journeyman TeBe of Trog (Lair:4)
  Snorg (Lair:3)
  An ettin (D:14)
  A great orb of eyes (D:12)
  Harold (Lair:3)
  The ghost of Oki the Tainter, a journeyman OpVM of Sif Muna (D:12)
  13 hydras
  3 centaur warriors
  5 two-headed ogres
  2 ghost crabs
  10 alligators
  An ogre mage (D:15)
  3 death yaks
  2 tengu warriors
  A two-headed ogre (shapeshifter) (D:14)
  4 hell knights (D:12)
  3 orc high priests
  Nergalle (Lair:3)
  3 spriggans
  Sonja (D:10)
  A sea snake (shapeshifter) (D:13)
  2 swamp dragons
  4 unseen horrors
  4 skeletal warriors (D:14)
  A spriggan druid (Swamp:2)
  A shambling mangrove (Swamp:2)
  5 orc knights
  A wolf spider zombie (D:15)
  3 necromancers (D:12)
  2 wizards (D:12)
  Pikel (D:5)
  8 deep elf magi
  An orb spider (Lair:2)
  4 cyclopes
  15 ugly things
  2 manticores
  7 orc sorcerers
  24 elephants
  2 torpor snails
  Joseph (D:7)
  A black mamba (Lair:5)
  3 centaur zombies
  36 spiny frogs
  An orange demon (D:12)
  2 rust devils (D:12)
  2 efreet
  3 rime drakes
  2 kobold demonologists (Swamp:3)
  8 komodo dragons
  A redback zombie (D:15)
  A komodo dragon (shapeshifter) (D:14)
  4 trolls
  6 tyrant leeches
  10 hornets
  2 tengu conjurers
  A polar bear (Lair:4)
  15 dream sheep
  9 slime creatures
  20 blink frogs
  11 bog bodies
  19 hippogriffs
  2 vampires (D:12)
  2 shadows (Swamp:1)
  Sigmund (D:6)
  7 water elementals
  4 wraiths
  A centaur simulacrum (D:14)
  37 yaks
  A spriggan (shapeshifter) (D:14)
  9 basilisks
  6 wyverns
  A steam dragon (D:9)
  3 hungry ghosts
  25 vampire mosquitoes
  Menkaure (D:7)
  4 wargs
  13 swamp worms
  8 insubstantial wisps
  A soldier ant (D:14)
  8 hell hounds
  An acid dragon (D:15)
  15 water moccasins
  34 orc warriors
  10 porcupines
  4 black bears
  6 ice beasts
  3 sky beasts
  A phantom (D:9)
  5 swamp drakes
  2 eyes of draining
  22 wolves
  A necrophage (D:15)
  16 centaurs
  12 ogres
  10 crocodiles
  A big kobold (D:8)
  26 bullfrogs
  A wyvern zombie (D:11)
  A bullfrog (shapeshifter) (D:14)
  3 earth elementals (D:12)
  A wyvern skeleton (D:15)
  7 scorpions
  16 killer bees
  7 howler monkeys
  13 electric eels
  4 wights (D:12)
  11 crimson imps
  A quasit (D:5)
  A gnoll shaman (D:4)
  18 orc priests
  7 centaur skeletons
  10 hounds
  11 jellies
  25 orc wizards
  11 hell rats
  An iguana (D:8)
  15 worker ants
  A hound skeleton (D:4)
  Robin (D:3)
  9 adders
  2 gnolls (D:4)
  A howler monkey skeleton (D:8)
  4 shadow imps
  3 oozes
  A worm (D:3)
  5 dart slugs
  4 leopard geckos
  81 orcs
  A ball python (D:3)
  9 bats
  5 giant cockroaches
  13 goblins
  13 hobgoblins
  9 jackals
  17 kobolds
  6 quokkas
  5 frilled lizards
  2 jackal skeletons
  A jackal zombie (D:5)
  A quokka zombie (D:6)
  8 rats
  3 fungi
986 creatures vanquished.

Vanquished Creatures (others)
  A bog body (Lair:2)
  A centaur simulacrum (D:14)
  A centaur (D:15)
  An orc wizard (D:7)
  5 bushes (Lair:6)
  41 fungi
  82 plants
132 creatures vanquished.

Grand Total: 1118 creatures vanquished

Notes
Turn   | Place    | Note
-------+----------+-------------------------------------------
     0 | D:1      | Lahna the Gargoyle Fighter began the quest for the Orb.
     0 | D:1      | Reached XP level 1. HP: 14/14 MP: 1/1
    11 | D:1      | Noticed a swamp worm
    11 | D:1      | Noticed a swamp drake
    11 | D:1      | Noticed a killer bee
    11 | D:1      | Noticed a wolf
    11 | D:1      | Noticed a komodo dragon
   148 | D:1      | Reached XP level 2. HP: 15/19 MP: 2/2
   506 | D:1      | Reached XP level 3. HP: 23/24 MP: 3/3
   781 | D:2      | Reached XP level 4. HP: 24/30 MP: 4/4
  1459 | D:3      | Noticed Robin
  1531 | D:3      | Killed Robin
  1624 | D:3      | Reached XP level 5. HP: 30/34 MP: 5/5
  1797 | D:3      | Reached skill level 5 in Fighting
  2211 | D:3      | Reached XP level 6. HP: 40/40 MP: 6/6
  2499 | D:4      | Reached skill level 1 in Dodging
  2814 | D:4      | Found a blossoming altar of Fedhas.
  2821 | D:4      | Reached XP level 7. HP: 43/45 MP: 7/7
  3254 | D:5      | Entered Level 5 of the Dungeon
  3444 | D:5      | Found a staircase to the Ecumenical Temple.
  3491 | Temple   | Entered the Ecumenical Temple
  3604 | Temple   | Became a worshipper of Elyvilon the Healer
  3969 | D:5      | Noticed Pikel
  3982 | D:5      | Killed Pikel
  3982 | D:5      | Reached skill level 5 in Maces & Flails
  3982 | D:5      | Reached skill level 5 in Armour
  3982 | D:5      | Reached skill level 5 in Shields
  3982 | D:5      | Reached XP level 8. HP: 35/52 MP: 8/8
  4160 | D:5      | Found a glowing golden altar of the Shining One.
  4167 | D:5      | Found a sparkling altar of Nemelex Xobeh.
  4169 | D:5      | Found an ancient bone altar of Kikubaaqudgha.
  4458 | D:5      | Found a faded altar of an unknown god.
  4458 | D:5      | Found a shadowy altar of Dithmenos.
  4463 | D:5      | Found a shattered altar of Ashenzari.
  4465 | D:5      | Found a shimmering altar of Xom.
  4466 | D:5      | Found a faded altar of an unknown god.
  5150 | D:6      | Reached * piety under Elyvilon
  5162 | D:6      | Noticed Sigmund
  5412 | D:8      | Reached ** piety under Elyvilon
  5537 | D:8      | Reached XP level 9. HP: 57/57 MP: 9/9
  5628 | D:7      | Noticed Menkaure
  5634 | D:7      | Killed Menkaure
  5711 | D:7      | Noticed Joseph
  5737 | D:7      | Killed Joseph
  5737 | D:7      | Reached skill level 1 in Invocations
  5970 | D:7      | Found a stormy altar of Qazlal.
  6060 | D:7      | Elyvilon protects you from harm!
  6401 | D:6      | Killed Sigmund
  6426 | D:6      | Reached XP level 10. HP: 62/64 MP: 12/12
  6504 | D:6      | Found Uheemy's Assorted Antiques.
  6693 | D:6      | Reached *** piety under Elyvilon
  7663 | D:8      | Found Gukus's Antique Weapon Boutique.
  7668 | D:8      | Bought a glowing morningstar for 250 gold pieces
  7760 | D:8      | Found a burning altar of Makhleb.
  7783 | D:8      | Found a glowing golden altar of the Shining One.
  8113 | D:9      | Reached skill level 5 in Dodging
  8436 | D:9      | Noticed a deep elf mage
  8454 | D:9      | Killed a deep elf mage
  8649 | D:9      | Reached skill level 5 in Invocations
  8656 | D:9      | Reached XP level 11. HP: 58/69 MP: 14/14
  8733 | D:9      | Reached **** piety under Elyvilon
  9312 | D:10     | Entered Level 10 of the Dungeon
  9468 | D:10     | Noticed Sonja
  9539 | D:10     | Found Qehosum's Book Shoppe.
  9894 | D:10     | Killed Sonja
 10103 | D:10     | Reached ***** piety under Elyvilon
 10325 | D:11     | Found a staircase to the Lair.
 10325 | D:11     | Noticed a cyan ugly thing
 10340 | D:11     | Killed a cyan ugly thing
 10893 | D:11     | Found a staircase to the Orcish Mines.
 11060 | D:11     | Noticed a cyclops
 11074 | D:11     | Killed a cyclops
 11249 | Lair:1   | Entered Level 1 of the Lair of Beasts
 11553 | Lair:1   | Reached XP level 12. HP: 66/77 MP: 17/17
 11670 | Lair:1   | Got a faintly humming ring mail
 11682 | Lair:1   | Identified the +5 ring mail of the Fisher {rPois rF+ rC- Slay+2} (You found it on level 1 of the Lair of Beasts)
 11741 | Lair:1   | Reached skill level 10 in Fighting
 12847 | Lair:2   | Noticed Gastronok
 12865 | Lair:2   | Killed Gastronok
 13212 | Lair:2   | Found a hole to the Spider Nest.
 13389 | Lair:2   | Found a staircase to the Swamp.
 14079 | Lair:2   | Reached ****** piety under Elyvilon
 14501 | Lair:3   | Noticed Harold
 14513 | Lair:3   | Noticed Snorg
 14517 | Lair:3   | Killed Harold
 14539 | Lair:3   | Killed Snorg
 14771 | Lair:3   | Noticed Nergalle
 14786 | Lair:3   | Killed Nergalle
 14786 | Lair:3   | Reached skill level 10 in Armour
 15250 | Lair:3   | Noticed a four-headed hydra
 15259 | Lair:3   | Killed a four-headed hydra
 15259 | Lair:3   | Reached XP level 13. HP: 84/84 MP: 19/19
 15407 | Lair:4   | Found a labyrinth entrance.
 15757 | Lair:3   | Reached skill level 10 in Shields
 16066 | Lair:4   | Noticed MirrMurr's ghost (journeyman TeBe)
 16101 | Lair:4   | Killed MirrMurr's ghost
 16290 | Lair:4   | Reached skill level 10 in Maces & Flails
 17641 | Lair:5   | Upgraded the game from 0.20-a0-522-g0b37eee to 0.20-a0-535-gc09f9e6
 18420 | Lair:6   | Entered Level 6 of the Lair of Beasts
 18574 | Lair:5   | Gained mutation: Your large and strong wings let you fly indefinitely. [Gargoyle growth]
 18574 | Lair:5   | Reached XP level 14. HP: 43/91 MP: 18/21
 19521 | Lair:5   | Reached skill level 10 in Invocations
 21056 | Lair:6   | Found a staircase to the Slime Pits.
 21606 | Lair:6   | Reached XP level 15. HP: 94/97 MP: 21/23
 22244 | Orc:1    | Entered Level 1 of the Orcish Mines
 22627 | Orc:1    | Found Ydytotre's Weapon Shoppe.
 22864 | Orc:2    | Entered Level 2 of the Orcish Mines
 23132 | Orc:2    | Noticed an orc warlord
 23151 | Orc:1    | Killed an orc warlord
 24059 | Orc:2    | Found a staircase to the Elven Halls.
 24085 | Orc:2    | Found Bugiomu's Book Boutique.
 24157 | Orc:2    | Found Fucsoat's Antique Weapon Shop.
 24646 | Orc:2    | Found Witwal's Antique Armour Shoppe.
 24694 | Orc:2    | Bought a glowing cloak for 283 gold pieces
 24726 | Orc:2    | Found Winnuo's General Store.
 24734 | Orc:2    | Bought a scroll of teleportation for 42 gold pieces
 24734 | Orc:2    | Bought a scroll of blinking for 105 gold pieces
 24887 | D:12     | Noticed Oki's ghost (journeyman OpVM)
 24899 | D:12     | Killed Oki's ghost
 24934 | D:12     | Found a deep blue altar of Sif Muna.
 24993 | D:12     | Found Zuoth's Pet Rocks.
 25707 | D:12     | Found a runed door.
 25730 | D:12     | Paralysed by a great orb of eyes for 4 turns
 25749 | D:12     | Was placed under penance by Elyvilon
 26563 | D:12     | Got a slimy leather armour
 26577 | D:12     | Identified the cursed +0 leather armour of Gestures {Str+4 SInv} (You found it on level 12 of the Dungeon)
 26617 | D:12     | Got a smoking jade amulet
 26623 | D:12     | Identified the amulet "Vorayst" {Gourm rElec rF- Int+8 Stlth+} (You found it on level 12 of the Dungeon)
 26989 | D:12     | Reached XP level 16. HP: 91/104 MP: 20/24
 27316 | D:13     | Reached skill level 10 in Dodging
 27690 | D:13     | Was forgiven by Elyvilon
 27938 | D:14     | Found Zekhlodo's Gadget Shoppe.
 28423 | D:14     | Found a gate to the Vaults.
 28657 | D:15     | Entered Level 15 of the Dungeon
 28880 | D:15     | Noticed Mulkerokala's ghost (adept OpAM)
 28993 | D:15     | Killed Mulkerokala's ghost
 29591 | D:15     | Found a staircase to the Depths.
 30207 | Depths:1 | Entered Level 1 of the Depths
 30207 | Depths:1 | Found a gateway to Hell.
 30234 | D:15     | HP: 1/105 [fire giant/bolt of fire (23)]
 30704 | Swamp:1  | Entered Level 1 of the Swamp
 30760 | Swamp:1  | Noticed a thorn hunter
 30908 | Swamp:1  | Killed a thorn hunter
 31093 | Swamp:1  | Reached XP level 17. HP: 106/110 MP: 26/26
 31182 | Swamp:1  | Identified 2 scrolls of acquirement
 31185 | Swamp:1  | Got a faintly humming helmet
 31196 | Swamp:1  | Identified the +2 helmet "Tophiuka" {MR+} (You acquired it on level 1 of the Swamp)
 31707 | Swamp:1  | Got a slimy tin ring
 31709 | Swamp:1  | Identified the ring "Zurutom" {+Fly Stlth+} (You acquired it on level 1 of the Swamp)
 33916 | Swamp:4  | Entered Level 4 of the Swamp
 34129 | Swamp:4  | Noticed Jorgrun
 34156 | Swamp:4  | Killed from afar by Jorgrun

Vault maps used:
D:1:      onia_arrival_zoo_common
D:3:      uniq_robin
D:4:      fedhas_altar_3
D:5:      gammafunk_temple_overflow_forgotten,
          chequers_temple_overflow_minitemple, minmay_temple_entry_grid,
          first_bread, minmay_misc_feat_plants, uniq_pikel
D:6:      serial_shops, nicolae_shop_stone, uniq_sigmund
D:7:      lemuel_crystal_altar, grunt_ogre_cave, uniq_menkaure, uniq_joseph
D:8:      makhleb_heckhound_becter, serial_shops, shop, basic_altar
D:10:     serial_shops, nicolae_shop_statue_plus, uniq_sonja
D:11:     due_lair_maze_entry_diamond, orc_0_dummy
D:12:     mludivico_vault, basic_altar, minmay_statues_item, guppyfry_shop_earth
D:13:     minivault_14
D:14:     david_vaults_2, serial_shops, shop, minmay_fountain_box,
          minmay_misc_feat_rows, spider_trap, serial_park_tiny_1
D:15:     hangedman_depths_entry_civil_slaughter,
          hangedman_abyss_or_decor_passed
Temple:   cyrus_circular_temple
Lair:2:   minmay_swamp_entry_eels, nicolae_spider_entry_orb_guardian,
          uniq_gastronok
Lair:3:   bh_autumn_forest_stairs, uniq_nergalle, uniq_snorg, uniq_harold
Lair:4:   beast_lair_carwin_large_4, lab_entry_generic, minmay_holes,
          minmay_lair_oklob_chamber
Lair:5:   infiniplex_staircase_pool
Lair:6:   minmay_lair_end_frog_pond, nicolae_slime_entry_slimehenge,
          special_room, disabler_island
Swamp:1:  nicolae_swamp_round_clearing, swamp_pool3, nicolae_swamp_triple_paths,
          infiniplex_staircase_pool_2
Swamp:2:  evilmike_swamp_ruin_house_4
Swamp:3:  serial_swamp_ruin, hangedman_swamp_ruin_hall,
          evilmike_swamp_ruin_house_5, evilmike_swamp_ruin_house_1,
          cheibrodos_swamp_kobolds
Swamp:4:  swamp_pestilence, uniq_jorgrun
Orc:1:    serial_shops, shop
Orc:2:    grunt_orc_gardens, grunt_orc_garden, grunt_orc_garden,
          grunt_orc_garden, grunt_orc_garden
Depths:1: enter_ziggurat_a, corexii_corridor_pit, grunt_pan_entry_spiral,
          nicolae_abyss_entry_one_way_or_another, enter_trove_2, hell_entry,
          nicolae_for_you_no_charge, serial_bayou_shore_b

Skill      XL: |  1  2  3  4  5  6  7  8  9 10 11 12 13 14 15 16 17 |
---------------+----------------------------------------------------+-----
Fighting       | 4 5 6 7 8 9 10 11 12 13 14 | 14.5
Maces & Flails | 3 4 5 6 7 8 9 10 11 12 13 | 13.4
Dodging        | 1 2 3 4 5 6 7 8 9 10 | 10.9
Armour         | 4 5 7 8 9 10 11 12 13 14 | 14.3
Shields        | 4 5 6 7 8 9 10 11 12 13 14 | 14.0
Invocations    | 2 5 6 8 9 10 11 12 13 | 13.5

Action                   |  1- 3 |  4- 6 |  7- 9 | 10-12 | 13-15 | 16-18 || total
-------------------------+-------+-------+-------+-------+-------+-------++-------
Melee: Flail             |   151 |   273 |   328 |   192 |       |       ||   944
       Whip              |       |       |   470 |       |       |       ||   470
       Morningstar       |       |       |       |   873 |  1628 |  1104 ||  3605
Invok: Lesser Healing    |       |       |     4 |     5 |     3 |     2 ||    14
       Greater Healing   |       |       |       |     3 |     2 |     1 ||     6
       Divine Protection |       |       |       |       |     1 |       ||     1
       Divine Vigour     |       |       |       |       |     1 |       ||     1
 Abil: Stop Flying       |       |       |       |       |       |     2 ||     2
       Fly               |       |       |       |       |       |     1 ||     1
Evoke: Wand              |       |       |     5 |     4 |       |       ||     9
  Use: Scroll            |       |     3 |     6 |     9 |    13 |    11 ||    42
       Potion            |       |     1 |     1 |     4 |     4 |     1 ||    11
 Stab: Confused          |       |       |     1 |     1 |       |       ||     2
  Eat: Chunk             |       |     7 |    12 |    34 |    36 |    16 ||   105
       Royal jelly       |       |       |     1 |       |     1 |     5 ||     7
       Fruit             |       |       |       |     1 |     4 |       ||     5
Armor: Scale mail        |   114 |   153 |   287 |       |       |       ||   554
       Chain mail        |       |       |   129 |       |       |       ||   129
       Plate armour      |       |       |     7 |   714 |  1049 |   402 ||  2172
Dodge: Dodged            |    69 |    75 |   253 |   369 |   669 |   140 ||  1575
Block: Shield            |    98 |   139 |   384 |   738 |  1936 |  1471 ||  4766
